 Dungeon Crawl Stone Soup version 0.30-a0-1035-g38d5fb2972 (webtiles) character file.

Game seed: 10610244302242626854

218580 cforsyth the Stormcaller (level 19, -13/136 HPs)
             Began as an Octopode Summoner on Apr 9, 2023.
             Was an Initiate of Gozag.
             Mangled by a seven-headed hydra simulacrum (34 damage)
             ... on level 4 of the Swamp.
             The game lasted 02:05:19 (56427 turns).

cforsyth the Stormcaller (Octopode Summoner)       Turns: 56427, Time: 02:05:20

Health: -13/136    AC: 26    Str: 12    XL:     19   Next: 12%
Magic:  38/43      EV: 31    Int: 30    God:    Gozag
Gold:   4981       SH:  0    Dex: 12    Spells: 16/41 levels left

rFire   + . .      SeeInvis .    v - melded +4 whip of Sulphur {heavy, Str+2 Dex+6}
rCold   x . .      Faith    .    (shield currently unavailable)
rNeg    . . .      Spirit   .    b - melded +1 hat
rPois   ∞          Reflect  .    (no amulet)
rElec   +          Rampage  .    f - +4 ring of protection
rCorr   .                        e - ring of magical power
Will    +....                    C - ring of wizardry
Stlth   ++                       K - +5 ring of evasion
HPRegen 0.42/turn                W - +6 ring of intelligence
MPRegen 0.28/turn                N - ring of poison resistance
                                 V - ring of Gohid {AC+4 Str+3}
                                 M - ring of fire

@: storm-form, gold aura, flying
A: cleaving, insubstantial, flying, almost no armour, amphibious, 8 rings,
(camouflage 1), (gelatinous body 1), (nimble swimmer 1), (tentacles)
}: 1/15 runes: serpentine
a: Blinkbolt, End Transformation, Renounce Religion, Potion Petition, Call
Merchant, Bribe Branch


You were on level 4 of the Swamp.
You worshipped Gozag.
Gozag was most pleased with you.
You were a lightning-filled tempest!
You visited 6 branches of the dungeon, and saw 31 of its levels.
You also visited: Ice Cave.

You collected 12708 gold pieces.
You spent 1161 gold pieces at shops.
You paid 6566 gold pieces to Gozag.

Inventory:

Hand Weapons
 v - the +4 whip of Sulphur (melded) {heavy, Str+2 Dex+6}
   (You found it on level 5 of the Dungeon)

   Str:       It affects your strength (+2).
   Dex:       It affects your dexterity (+6).
 S - the +9 battleaxe of Dominance {freeze, rF+ rN++ Str-3 Int-2 Stlth+}
   (You found it on level 13 of the Dungeon)

   Str:       It affects your strength (-3).
   Int:       It affects your intelligence (-2).
   rF:        It protects you from fire.
   rN:        It greatly protects you from negative energy.
   Stlth:     It makes you more stealthy.
 X - the +9 great mace "Dragonbane" {pain, rC- Will+ Int+8}
   (You took it off a centaur on level 13 of the Dungeon)

   Int:       It affects your intelligence (+8).
   rC:        It makes you vulnerable to cold.
   Will:      It increases your willpower.
Armour
 b - a +1 hat (melded)
Jewellery
 d - a ring of resist corrosion
 e - a ring of magical power (right tentacle)
 f - a +4 ring of protection (left tentacle)
 h - a ring of positive energy
 C - a ring of wizardry (on tentacle)
 K - a +5 ring of evasion (on tentacle)
 M - a ring of fire (on tentacle)
 N - a ring of poison resistance (on tentacle)
 O - the ring "Taokal" {rN+ Dex+3}
   (You found it on level 13 of the Dungeon)

   [ring of positive energy]

   Dex:       It affects your dexterity (+3).
   rN:        It protects you from negative energy.
 U - a ring of magical power
 V - the ring of Gohid (on tentacle) {AC+4 Str+3}
   (You took it off a death knight on level 13 of the Dungeon)

   [ring of protection]

   AC:        It affects your AC (+4).
   Str:       It affects your strength (+3).
 W - a +6 ring of intelligence (on tentacle)
 Z - a ring of protection from fire
Wands
 r - a wand of paralysis (20)
 B - a wand of polymorph (16)
 G - a wand of iceblast (14)
 H - a wand of flame (2)
 J - a wand of acid (8)
 R - a wand of mindburst (8)
 T - a wand of digging (15)
Scrolls
 i - 8 scrolls of fog
 j - 3 scrolls of teleportation
 l - a scroll of torment
 m - 7 scrolls of enchant armour
 q - 7 scrolls of vulnerability
 u - 7 scrolls of immolation
 x - 2 scrolls of silence
 y - 7 scrolls of poison
 A - 5 scrolls of amnesia
 D - 5 scrolls of fear
 I - a scroll of blinking
 L - 13 scrolls of identify
 Q - 2 scrolls of magic mapping
Potions
 a - 4 potions of magic
 c - 3 potions of attraction
 g - 4 potions of lignification
 k - 4 potions of might
 n - 3 potions of cancellation
 o - 8 potions of haste
 p - 2 potions of brilliance
 s - 10 potions of ambrosia
 t - 9 potions of curing
 w - 5 potions of mutation
 z - 5 potions of flight
 E - 3 potions of resistance
 F - a potion of berserk rage
 P - a potion of heal wounds
 Y - a potion of invisibility


   Skills:
 - Level 14.0 Fighting
 - Level 14.1 Dodging
 - Level 2.6 Stealth
 + Level 4.2 Unarmed Combat
 - Level 11.9 Spellcasting
 - Level 4.0 Hexes
 - Level 13.4 Summonings
 - Level 14.9 Transmutations
 - Level 15.7 Air Magic


You had 16 spell levels left.
You knew the following spells:

 Your Spells              Type           Power      Damage    Failure   Level
a - Storm Form            Tmut/Air       41%        N/A       1%          7
b - Call Imp              Summ           100%       N/A       0%          2
c - Call Canine Familiar  Summ           78%        N/A       1%          3
d - Summon Guardian Gole  Hex/Summ       63%        N/A       1%          3
e - Summon Lightning Spi  Summ/Air       81%        N/A       1%          4
f - Summon Forest         Summ/Tloc      27%        N/A       1%          5
g - Summon Small Mammal   Summ           100%       N/A       0%          1

Your spell library contained the following spells:

 Spells                   Type           Power      Damage    Failure   Level
 Apportation              Tloc           34%        N/A       1%          1
 Foxfire                  Conj/Fire      100%       2x1d9     1%          1
 Kiss of Death            Conj/Necr      68%        2d10      1%          1
 Magic Dart               Conj           68%        1d6       1%          1
 Slow                     Hex            100%       N/A       1%          1
 Blink                    Tloc           34%        N/A       1%          2
 Ensorcelled Hibernation  Hex/Ice        58%        N/A       1%          2
 Searing Ray              Conj           34%        2d5       1%          2
 Confusing Touch          Hex            41%        N/A       1%          3
 Ignite Poison            Fire/Tmut/Pois 64%        N/A       1%          3
 Portal Projectile        Hex/Tloc       58%        N/A       1%          3
 Spider Form              Tmut/Pois      58%        N/A       1%          3
 Tukima's Dance           Hex            41%        N/A       1%          3
 Vhi's Electric Charge    Tloc/Air       100%       N/A       1%          3
 Ice Form                 Ice/Tmut       58%        N/A       1%          4
 Alistair's Intoxication  Tmut/Pois      38%        N/A       1%          5
 Arcjolt                  Conj/Air       30%        1d40      1%          5
 Blade Hands              Tmut           41%        N/A       1%          5
 Irradiate                Conj/Tmut      29%        3d21      1%          5
 Cause Fear               Hex            20%        N/A       2%          4
 Dragon Form              Tmut           41%        N/A       2%          7
 Hailstorm                Conj/Ice       17%        3d6       3%          3
 Stone Arrow              Conj/Erth      34%        3d9       3%          3
 Vampiric Draining        Necr           17%        2d7       3%          3
 Anguish                  Hex/Necr       14%        N/A       5%          4
 Fulminant Prism          Conj/Hex       14%        3d9       5%          4
 Plasma Beam              Fire/Air       39%        2x1d57    7%          6
 Statue Form              Tmut/Erth      38%        N/A       9%          6
 Dispel Undead            Necr           17%        3d10      12%         4
 Manifold Assault         Tloc           17%        N/A       12%         4
 Sticky Flame             Conj/Fire      26%        2d5       12%         4
 Borgnjor's Vile Clutch   Necr/Erth      8%         N/A       32%         5
 Fireball                 Conj/Fire      13%        3d7       32%         5
 Death Channel            Necr           8%         N/A       85%         6
 Dispersal                Tloc           8%         N/A       85%         6
 Starburst                Conj/Fire      13%        6d5       85%         6
 Dragon's Call            Summ           39%        N/A       98%         9
 Disjunction              Tloc           8%         N/A       100%        8
 Ignition                 Fire           13%        3d6       100%        8
 Animate Armour           Summ/Erth      Unusable   N/A       N/A         4
 Animate Dead             Necr           Unusable   N/A       N/A         4
 Simulacrum               Ice/Necr       Unusable   N/A       N/A         6

Dungeon Overview and Level Annotations

Branches:
Dungeon (15/15)            Temple (1/1) D:4            Lair (5/5) D:8
  Swamp (4/4) Lair:3        Snake (4/4) Lair:3        Slime (0/5) Lair:5
    Orc (2/2) D:10            Elf (0/3) Orc:2        Vaults (0/5) D:14
 Depths (0/4) D:15          IceCv (visited)

Altars:
Ashenzari
Cheibriados
Dithmenos
Elyvilon
Fedhas
Gozag
Hepliaklqana
Kikubaaqudgha
Makhleb
Nemelex Xobeh
Okawaru
Qazlal
Ru
Sif Muna
Trog
Uskayaw
Vehumet
Wu Jian
Xom
Yredelemnul
Zin
The Shining One

Shops:
D:3 [   D:14 ![   Orc:2 **:?   Lair:1 *?!(:*:   Snake:1 ?   Snake:3 (!
Snake:4 *

Annotations:
D:8 1 runed translucent door, holysushi's ghost, novice GnRe
Lair:5 4 runed translucent doors, Naimef's ghost, journeyman TeFE; kougar's ghost, journeyman GrEE
Swamp:2 2 transporters, holysushi's ghost, adept HOFi
Snake:4 Roxanne


Innate Abilities, Weirdness & Mutations

You are a lightning-filled tempest!
Your electrical attacks strike out in all directions at once.
You are incredibly evasive.
Your insubstantial body is immune to petrification, constriction, and being set on fire You are flying.
You are immune to poison.
Your armour is entirely melded.
You are incapable of wielding weapons or throwing items.
You cannot wear most types of armour.
You are amphibious.
You can wear up to eight rings at the same time.
((Your skin changes colour to match your surroundings (Stealth+).))
((Your rubbery body absorbs attacks. (AC +1, EV +1)))
((You are camouflaged when in or above water. (Stealth+)))
((You have tentacles for arms and can constrict up to eight enemies at once.))


Message History

The spriggan druid hits you but does no damage.
You batter the spriggan druid!!
With its final breath, the spriggan druid offers up its power to the beasts of the wild!
The seven-headed hydra simulacrum seems to grow more fierce.
You kill the spriggan druid!
You batter the seven-headed hydra simulacrum!!
The seven-headed hydra simulacrum misses you. x2
The seven-headed hydra simulacrum closely misses you.
The seven-headed hydra simulacrum completely misses you. x2
The seven-headed hydra simulacrum closely misses you.
The seven-headed hydra simulacrum completely misses you.
You hit the seven-headed hydra simulacrum.
The seven-headed hydra simulacrum is severely damaged.
The seven-headed hydra simulacrum completely misses you.
The seven-headed hydra simulacrum barely misses you.
The seven-headed hydra simulacrum completely misses you.
The seven-headed hydra simulacrum bites you but does no damage.
The seven-headed hydra simulacrum completely misses you.
The seven-headed hydra simulacrum bites you!
The seven-headed hydra simulacrum freezes you!!!
You feel a terrible chill!
The seven-headed hydra simulacrum barely misses you.
You hit the seven-headed hydra simulacrum.
The seven-headed hydra simulacrum is severely damaged.
You completely miss the seven-headed hydra simulacrum.
The seven-headed hydra simulacrum is severely damaged.
The seven-headed hydra simulacrum barely misses you.
The seven-headed hydra simulacrum completely misses you.
The seven-headed hydra simulacrum barely misses you.
The seven-headed hydra simulacrum completely misses you.
The seven-headed hydra simulacrum bites you.
The seven-headed hydra simulacrum freezes you!!!
You feel a terrible chill!
* * * LOW HITPOINT WARNING * * *
The seven-headed hydra simulacrum bites you!
* * * LOW HITPOINT WARNING * * *
The seven-headed hydra simulacrum freezes you!!
You feel a terrible chill!
You die...
Your body crumbles into a pile of gold.

♣~~♣ ♣~♣♣♣~.~~~~~.
♣~.♣♣♣.~~~~..~§~~~ ~
♣♣♣~~~....~..~§~~~ ..
♣♣~~~....♣♣.~~~.~ ...
♣~~~~~~~.♣~..~~.~ ....
♣♣..~~~~..~~♣...~~
.~...
♣..~~~~~~~~~♣♣~♣♣♣
~...~.♣.~§~~..~~~~.♣♣♣
$ ...~~~$v§<..♣♣.~~~~♣
~~..~~Z§~~.♣♣♣♣...♣♣
~.§.~..~~~~♣ ♣♣♣♣
).~♣~♣♣.~.♣♣ .. ♣♣
♣♣~♣♣ ♣ ♣♣♣


You could see a seven-headed hydra simulacrum (strong).

Vanquished Creatures
  The ghost of Faiqoid the Bludgeoner, an adept AtFi of Gozag (Swamp:1)
  3 thorn hunters
  9 nagarajas (Snake:4)
  A fenstrider witch (Swamp:3)
  An eleionoma (Swamp:2)
  5 bunyips
  A shambling mangrove (Swamp:1)
  A spectral fenstrider witch (Swamp:1)
  3 hydras
  3 salamander tyrants (Snake:4)
  A ghost crab (Swamp:1)
  A centaur warrior (D:15)
  9 alligators
  8 anacondas
  A vampire mage (D:15)
  5 shock serpents
  15 naga sharpshooters
  7 naga warriors
  A spectral bunyip (Swamp:1)
  A salamander mystic (Snake:3)
  2 skeletal warriors (D:15)
  6 goliath frogs
  A swamp dragon (Swamp:4)
  A fenstrider witch simulacrum (Swamp:1)
  A spectral hydra (Swamp:1)
  7 naga ritualists
  2 spriggan druids
  A wizard (D:15)
  5 bog bodies
  A spectral spriggan (Swamp:1)
  A lindwurm (D:14)
  An orc sorcerer (Orc:2)
  2 mana vipers
  3 will-o-the-wisps
  A frost giant zombie (D:15)
  An oklob plant (Lair:3)
  11 salamanders
  15 naga magi
  24 black mambas
  A guardian serpent (Snake:4)
  3 cane toads
  A spriggan skeleton (D:15)
  A tengu conjurer (Swamp:1)
  A troll (shapeshifter) (D:15)
  A tarantella (shapeshifter) (D:15)
  9 blink frogs
  14 tyrant leeches
  8 hornets
  A slime creature (D:12)
  5 spriggans
  A yak (D:12)
  A fire elemental (D:15)
  7 vampire mosquitoes
  8 swamp worms
  2 wargs
  51 nagas
  A water moccasin (Lair:2)
  3 hell hounds (Lair:5)
  3 swamp drakes
  4 wolves (Lair:5)
  An ogre (D:14)
  An orc priest (Orc:2)
  2 orc wizards (Orc:2)
  A hell rat (Lair:1)
  An adder (D:2)
  9 orcs
  2 ball pythons
  2 endoplasms
  5 goblins
  A hobgoblin (D:1)
  3 jackals (D:1)
  3 quokkas
  4 bats
  A frilled lizard (D:1)
  A rat (D:1)
  12 briar patches
338 creatures vanquished.

Vanquished Creatures (collateral kills)
  Azrael (D:14)
  An ettin (D:14)
  Josephine (D:14)
  Harold (Orc:1)
  4 hydras
  Erolcha (D:9)
  2 catoblepae
  Erica (D:8)
  4 boulder beetles
  A death knight (D:13)
  2 centaur warriors
  An anaconda (Snake:3)
  A tengu warrior (Swamp:1)
  2 two-headed ogres
  A death yak (Lair:5)
  An alligator (Swamp:1)
  A naga warrior (Snake:3)
  2 orc high priests (Orc:2)
  A skeletal warrior (D:14)
  A skyshark (Lair:2)
  A goliath frog (Swamp:1)
  3 bog bodies
  A naga ritualist (Snake:2)
  A spriggan druid (Swamp:1)
  A necromancer (D:15)
  3 spriggan simulacra (IceCv)
  A spectral hydra (Swamp:1)
  4 orc knights
  3 deep elf pyromancers
  A phantasmal warrior (D:14)
  A lindwurm (shapeshifter) (D:13)
  An oklob plant (Orc:2)
  A harpy (shapeshifter) (D:15)
  5 ugly things
  A manticore (D:12)
  6 orc sorcerers (Orc:2)
  2 wolf spiders (Lair:5)
  A fire giant zombie (D:15)
  6 elephants (Lair:3)
  3 guardian serpents
  2 centaur zombies (D:12)
  Maurice (Orc:1)
  An elephant (shapeshifter) (D:13)
  5 black mambas
  4 cyclopes
  4 naga magi (Snake:2)
  A torpor snail (Lair:5)
  12 cane toads
  4 rime drakes
  Psyche (D:8)
  2 komodo dragons
  2 freezing wraiths
  2 anaconda simulacra (IceCv)
  A kobold demonologist (D:9)
  4 yaktaurs (D:15)
  6 ice devils (IceCv)
  4 trolls
  A meliai (shapeshifter) (D:13)
  A polar bear (shapeshifter) (D:13)
  A queen bee (Lair:2)
  6 polar bears
  A meliai zombie (D:12)
  A hornet (Lair:5)
  9 dream sheep
  A tyrant leech (Swamp:4)
  14 blink frogs
  A snapping turtle (shapeshifter) (D:13)
  A spriggan zombie (D:15)
  6 slime creatures
  2 vampires
  Sigmund (D:2)
  14 wyverns
  8 wraiths
  2 shadows (D:12)
  The ghost of dufus the Ducker, an amateur GnMo (D:6)
  6 basilisks
  28 yaks
  8 vampire mosquitoes
  2 redbacks (Lair:5)
  2 minotaur simulacra (IceCv)
  3 wargs (Lair:5)
  A harpy simulacrum (IceCv)
  8 nagas
  An acid dragon (D:12)
  21 water moccasins
  15 hell hounds
  24 orc warriors
  An ettin simulacrum (IceCv)
  4 ice beasts (D:8)
  A sky beast (D:8)
  10 black bears
  5 ogres
  4 centaurs
  13 wolves
  A phantom (D:4)
  2 scorpions
  A scorpion (shapeshifter) (D:13)
  6 bullfrogs
  2 deep troll simulacra (IceCv)
  7 wights
  32 killer bees
  2 lindwurm simulacra (IceCv)
  3 howler monkeys
  2 hounds
  2 gnoll boudas
  24 orc priests
  3 jellies
  Ijyb (D:3)
  An iguana (D:4)
  5 hell rats (Lair:1)
  33 orc wizards
  A boggart simulacrum (D:13)
  A mummy (D:8)
  Robin (D:2)
  19 gnolls
  6 adders
  2 shadow imps
  A white imp (D:5)
  10 worms
  3 dart slugs
  73 orcs
  3 ball pythons
  5 endoplasms
  15 goblins
  9 hobgoblins
  11 jackals
  2 quokkas
  A bat (D:3)
  A frilled lizard (D:3)
  5 kobolds
  5 rats
661 creatures vanquished.

Vanquished Creatures (others)
  Nikola (Swamp:3)
  Agnes (D:14)
  An orc warlord (Orc:2)
  2 blizzard demons (IceCv)
  Fannar (D:11)
  An ice dragon (D:13)
  A hydra (Lair:5)
  A salamander tyrant (Snake:4)
  A centaur warrior (D:14)
  3 anacondas
  5 two-headed ogres
  A boulder beetle (D:11)
  A naga sharpshooter (Snake:4)
  A skyshark (Lair:4)
  A death drake (Swamp:4)
  Lodul (D:14)
  3 skeletal warriors (D:14)
  A spectral hydra (Swamp:1)
  6 spriggan simulacra (IceCv)
  A bog body (Lair:3)
  A spriggan druid (Swamp:3)
  Pikel (D:4)
  3 ugly things (D:14)
  An orc knight (Orc:2)
  A manticore (Lair:5)
  2 centaur zombies (D:12)
  A black mamba (Snake:2)
  A slime creature (D:12)
  6 cane toads
  2 elephants (Lair:3)
  A guardian serpent (Lair:5)
  3 gargoyles
  A rime drake (Lair:5)
  Maggie (D:6)
  2 komodo dragons (Lair:2)
  2 ice devils (IceCv)
  A yaktaur (D:15)
  7 polar bears
  2 freezing wraiths (IceCv)
  An anaconda simulacrum (IceCv)
  A golden dragon simulacrum (IceCv)
  5 trolls
  A hornet (Lair:5)
  3 blink frogs (Lair:1)
  A raiju (Lair:5)
  A meliai zombie (D:12)
  A wraith (D:14)
  A centaur simulacrum (D:14)
  A wyvern (Lair:3)
  10 yaks
  A dire elephant simulacrum (IceCv)
  Menkaure (D:4)
  5 minotaur simulacra (IceCv)
  A vampire mosquito (Swamp:1)
  3 wargs
  A naga (Lair:3)
  2 water moccasins
  A hydra simulacrum (IceCv)
  8 orc warriors
  An ice beast (D:8)
  2 ogres (D:14)
  An ettin simulacrum (IceCv)
  2 black bears (Lair:5)
  3 wolves
  A centaur (D:11)
  3 lemures (D:4)
  7 deep troll simulacra (IceCv)
  A gnoll sergeant (D:10)
  A wight (D:9)
  6 killer bees
  2 orc priests (Orc:2)
  Crazy Yiuf (D:2)
  An iguana (D:6)
  A hell rat (Lair:1)
  Terence (D:3)
  2 orcs (Orc:2)
  3 briar patches
  A fire vortex (D:15)
  10 foxfires
  44 fungi
  140 plants
  A snaplasher vine (Swamp:1)
  18 withered plants
375 creatures vanquished.

Grand Total: 1374 creatures vanquished

Notes
Turn   | Place    | Note
-------+----------+-------------------------------------------
     0 | D:1      | cforsyth the Octopode Summoner began the quest for the Orb.
     0 | D:1      | Reached XP level 1. HP: 11/11 MP: 3/3
   125 | D:1      | Reached XP level 2. HP: 15/17 MP: 1/5
   340 | D:1      | Learned a level 2 spell: Call Imp
   532 | D:1      | Reached XP level 3. HP: 21/21 MP: 2/6
   537 | D:1      | Learned a level 3 spell: Call Canine Familiar
   843 | D:1      | Found a faded altar of an unknown god.
  1444 | D:2      | Noticed Robin
  1462 | D:2      | Reached XP level 4. HP: 16/27 MP: 1/8
  1588 | D:2      | Noticed Sigmund
  1797 | D:1      | Learned a level 3 spell: Summon Guardian Golem
  2194 | D:2      | Killed Robin
  2469 | D:2      | Reached skill level 5 in Summonings
  2475 | D:2      | Reached skill level 1 in Hexes
  2481 | D:2      | Reached XP level 5. HP: 31/31 MP: 3/10
  2785 | D:2      | Found a runed translucent door.
  2786 | D:2      | Noticed Crazy Yiuf
  3261 | D:3      | Found Omeklunu's Antique Armour Shop.
  3274 | D:3      | Noticed Terence
  3294 | D:3      | Killed Terence
  3454 | D:3      | Noticed Ijyb
  3462 | D:3      | Killed Ijyb
  3596 | D:2      | Killed Sigmund
  3597 | D:2      | Reached XP level 6. HP: 25/36 MP: 4/12
  3892 | D:2      | Found a runed translucent door.
  4592 | D:2      | Killed Crazy Yiuf
  4995 | D:4      | Noticed Menkaure
  5524 | D:4      | Killed Menkaure
  5525 | D:4      | Reached XP level 7. HP: 41/41 MP: 4/13
  6100 | D:4      | Found a staircase to the Ecumenical Temple.
  6118 | Temple   | Entered the Ecumenical Temple
  6630 | D:4      | Noticed Pikel
  6666 | D:4      | Killed Pikel
  6667 | D:4      | Reached skill level 5 in Spellcasting
  6667 | D:4      | Reached XP level 8. HP: 46/46 MP: 2/16
  7229 | D:5      | Entered Level 5 of the Dungeon
  7234 | D:5      | Identified the +4 whip of Sulphur {heavy, Str+2 Dex+6}
  7379 | D:5      | Found a hazy altar of Hepliaklqana.
  7537 | D:5      | Learned a level 4 spell: Summon Lightning Spire
  7622 | D:5      | Reached skill level 1 in Air Magic
  7834 | D:5      | Found a hide-covered altar of Uskayaw.
  7843 | D:5      | Noticed a two-headed ogre
  7854 | D:5      | Killed a two-headed ogre
  7855 | D:5      | Reached skill level 3 in Air Magic
  7855 | D:5      | Reached XP level 9. HP: 51/51 MP: 11/19
  8299 | D:6      | Noticed a troll
  8308 | D:6      | Killed a troll
  8754 | D:6      | Noticed Maggie
  8767 | D:6      | Killed Maggie
  8768 | D:6      | Reached skill level 4 in Air Magic
  9409 | D:6      | Found a runed translucent door.
  9409 | D:6      | Found a shimmering altar of Xom.
  9409 | D:6      | Noticed dufus's ghost (amateur GnMo)
  9419 | D:6      | Noticed a +0 spear of chaos
 10026 | D:7      | Reached skill level 5 in Air Magic
 10413 | D:7      | Reached XP level 10. HP: 56/56 MP: 7/22
 11005 | D:8      | Reached skill level 10 in Summonings
 11168 | D:8      | Found a staircase to the Lair.
 11175 | D:8      | Noticed Psyche
 11197 | D:8      | Killed Psyche
 11375 | D:8      | Found a snail-covered altar of Cheibriados.
 11581 | D:8      | Noticed a two-headed ogre
 11589 | D:8      | Killed a two-headed ogre
 11714 | D:8      | Found a runed translucent door.
 11715 | D:8      | Found a shimmering altar of Xom.
 11715 | D:8      | Noticed holysushi's ghost (novice GnRe)
 11715 | D:8      | Noticed a +0 dagger of chaos
 11796 | D:8      | Found a bloodstained altar of Trog.
 12216 | D:8      | Noticed Erica
 12226 | D:8      | Killed Erica
 12470 | D:9      | Found a burning altar of Makhleb.
 12470 | D:9      | Found a blossoming altar of Fedhas.
 12482 | D:9      | Reached XP level 11. HP: 61/61 MP: 18/24
 12620 | D:9      | Found a basalt altar of Yredelemnul.
 12622 | D:9      | Found a hazy altar of Hepliaklqana.
 12622 | D:9      | Found a hide-covered altar of Uskayaw.
 12623 | D:9      | Found a radiant altar of Vehumet.
 12624 | D:9      | Found an opulent altar of Gozag.
 12625 | D:9      | Found an iron altar of Okawaru.
 12629 | D:9      | Became a worshipper of Gozag Ym Sagoz the Greedy
 12631 | D:9      | Found a shadowy altar of Dithmenos.
 12694 | D:9      | Reached skill level 10 in Spellcasting
 13453 | D:9      | Noticed Erolcha
 13467 | D:9      | Killed Erolcha
 13771 | D:10     | Entered Level 10 of the Dungeon
 13780 | D:10     | Reached skill level 1 in Fighting
 13891 | D:10     | Noticed a two-headed ogre
 13899 | D:10     | Killed a two-headed ogre
 14092 | D:10     | Found a staircase to the Orcish Mines.
 14785 | D:11     | Noticed Fannar
 14802 | D:11     | Killed Fannar
 14895 | D:11     | Noticed a two-headed ogre
 14911 | D:11     | Killed a two-headed ogre
 14912 | D:11     | Reached skill level 5 in Dodging
 15089 | D:11     | Reached skill level 5 in Fighting
 15184 | D:11     | Noticed a boulder beetle
 15199 | D:11     | Killed a boulder beetle
 15200 | D:11     | Reached XP level 12. HP: 78/78 MP: 16/26
 15485 | D:11     | Noticed a two-headed ogre
 15490 | D:11     | Killed a two-headed ogre
 17808 | Lair:1   | Entered Level 1 of the Lair of Beasts
 18319 | Lair:1   | Reached XP level 13. HP: 90/90 MP: 20/27
 18863 | Lair:1   | Reached skill level 10 in Dodging
 19415 | Lair:2   | Reached skill level 10 in Fighting
 21483 | Lair:3   | Found a staircase to the Swamp.
 22260 | Lair:3   | Reached XP level 14. HP: 102/102 MP: 20/28
 22727 | Lair:3   | Found a staircase to the Snake Pit.
 24646 | Lair:5   | Entered Level 5 of the Lair of Beasts
 24672 | Lair:5   | Found a runed translucent door.
 24673 | Lair:5   | Found a staircase to the Slime Pits.
 26957 | Lair:5   | Found a runed translucent gate.
 26957 | Lair:5   | Found a runed translucent gate.
 26957 | Lair:5   | Noticed kougar's ghost (journeyman GrEE)
 26958 | Lair:5   | Noticed Naimef's ghost (journeyman TeFE)
 27048 | Lair:5   | Found a runed translucent gate.
 27830 | Lair:5   | Reached XP level 15. HP: 113/113 MP: 29/29
 28808 | D:6      | Killed dufus's ghost
 29125 | Orc:1    | Entered Level 1 of the Orcish Mines
 29255 | Orc:1    | Noticed Harold
 29267 | Orc:1    | Killed Harold
 29281 | Orc:1    | Noticed Maurice
 29293 | Orc:1    | Killed Maurice
 29530 | Orc:2    | Entered Level 2 of the Orcish Mines
 29536 | Orc:2    | Noticed an orc warlord
 30445 | Orc:2    | Found a staircase to the Elven Halls.
 30691 | Orc:2    | Killed an orc warlord
 31042 | Orc:2    | Paralysed by an orc sorcerer for 2 turns
 31121 | Orc:2    | Found Tokurgha's Book Shoppe.
 31121 | Orc:2    | Found Esuarur's Assorted Antiques.
 31121 | Orc:2    | Found Atrifig's General Store.
 31127 | Orc:2    | Found Bunwud's Magic Scroll Shoppe.
 31140 | Orc:2    | Bought a scroll labelled ORAOTH SUSISS for 25 gold pieces
 33172 | D:13     | Reached skill level 1 in Transmutations
 33290 | D:13     | Identified the +9 battleaxe of Dominance {freeze, rF+ rN++
                  | Str-3 Int-2 Stlth+}
 33337 | D:13     | Identified the +4 war axe "Wamewk" {drain, rN+ rCorr Int-2
                  | Dex+3}
 34464 | D:13     | Identified the ring "Taokal" {rN+ Dex+3}
 34553 | D:13     | Reached skill level 6 in Air Magic
 34638 | D:13     | Identified the +3 plate armour of Dogma {rC+ Stlth+}
 34638 | D:13     | Identified the ring of Gohid {AC+4 Str+3}
 35108 | D:13     | Identified the +9 great mace "Dragonbane" {pain, rC- Will+
                  | Int+8}
 35554 | D:14     | You fall into a shaft and drop 1 floor!
 35554 | D:15     | Entered Level 15 of the Dungeon
 35592 | D:15     | Found a shadowy altar of Dithmenos.
 35674 | D:14     | Found an ancient bone altar of Kikubaaqudgha.
 35682 | D:14     | Found a frozen archway.
 35691 | IceCv    | Entered an ice cave
 36286 | IceCv    | Reached skill level 7 in Air Magic
 36905 | IceCv    | Reached skill level 5 in Transmutations
 36943 | IceCv    | Reached XP level 16. HP: 60/119 MP: 29/31
 38541 | IceCv    | Reached skill level 8 in Air Magic
 39767 | D:14     | Noticed Lodul
 39794 | D:14     | Killed Lodul
 40157 | D:14     | Noticed Josephine
 40164 | D:14     | Killed Josephine
 40166 | D:14     | Noticed Agnes
 40378 | D:14     | Killed Agnes
 40379 | D:14     | Reached skill level 9 in Air Magic
 41088 | D:14     | Found Jieriwn's Distillery.
 41104 | D:14     | Noticed Azrael
 41486 | D:14     | Killed Azrael
 41621 | D:14     | Found Li Ji's Dragon-Slaying Spoils.
 41995 | D:14     | Found a gate to the Vaults.
 42440 | Lair:1   | Bought the Volume of Familiar Modification for 720 gold
                  | pieces
 42560 | Orc:2    | Bought an Inescapable Atlas for 416 gold pieces
 42566 | Orc:2    | Learned a level 5 spell: Summon Forest
 42574 | Orc:2    | Learned a level 7 spell: Storm Form
 42802 | D:15     | Reached skill level 10 in Air Magic
 42881 | D:15     | Found a staircase to the Depths.
 43809 | Snake:1  | Entered Level 1 of the Snake Pit
 43935 | Snake:1  | Found Loodwah's Magic Scroll Shoppe.
 44045 | Snake:1  | Got the Tome of the Xenolith
 44979 | Snake:2  | Reached skill level 11 in Air Magic
 44979 | Snake:2  | Reached XP level 17. HP: 125/125 MP: 32/32
 45344 | Snake:2  | Reached skill level 10 in Transmutations
 46880 | Snake:3  | Reached skill level 12 in Air Magic
 47840 | Snake:3  | Found Ryssootu's Distillery.
 47840 | Snake:3  | Found Jiprool's Weapon Boutique.
 48382 | Snake:4  | Entered Level 4 of the Snake Pit
 48843 | Snake:4  | Identified Roxanne's Vellum of the Fjord
 48843 | Snake:4  | Noticed Roxanne
 48853 | Snake:4  | Reached skill level 13 in Air Magic
 48949 | Snake:4  | Found Quss's General Store.
 49879 | Snake:4  | Reached XP level 18. HP: 90/131 MP: 33/33
 50417 | Snake:4  | Reached skill level 14 in Air Magic
 51042 | Snake:4  | Got a serpentine rune of Zot
 51298 | Swamp:1  | Entered Level 1 of the Swamp
 51322 | Swamp:1  | Found a transporter.
 52201 | Swamp:1  | Noticed Faiqoid's ghost (adept AtFi)
 52232 | Swamp:1  | Found a transporter.
 52638 | Swamp:1  | Killed Faiqoid's ghost
 52639 | Swamp:1  | Reached skill level 15 in Air Magic
 53787 | Swamp:2  | Found a transporter.
 53984 | Swamp:2  | Found a transporter.
 53987 | Swamp:2  | Noticed holysushi's ghost (adept HOFi)
 54677 | Swamp:3  | Noticed Nikola
 54694 | Swamp:3  | HP: 5/131 [Nikola/arc of chain lightning (52)]
 54695 | Swamp:3  | Killed Nikola
 55423 | Swamp:3  | Reached skill level 1 in Unarmed Combat
 55423 | Swamp:3  | Reached XP level 19. HP: 106/136 MP: 34/34
 56004 | Swamp:4  | Entered Level 4 of the Swamp
 56427 | Swamp:4  | Mangled by a seven-headed hydra simulacrum

Illustrated notes

Levels and vault maps discovered:
D:1:      eino_arrival_cavern_b, layout_basic,
          hellmonk_ecumenical_altar_inner_sanctum
D:2:      layout_loops_ring, nrook_loot_triangle, uniq_crazy_yiuf_cottage,
          uniq_sigmund, uniq_robin
D:3:      layout_rooms, serial_shops, shop, minmay_diced_spiral, uniq_ijyb,
          uniq_terence
D:4:      layout_basic, minmay_temple_entry_proselytizer, sigmund_army,
          uniq_menkaure, uniq_pikel
D:5:      layout_loops_ring, hangedman_feature_mirror,
          kennysheep_decorative_pillar, nicolae_wormholes
D:6:      layout_loops_ring, ebering_ghost_xom, uniq_maggie
D:7:      layout_gridville
D:8:      layout_loops_corners, slow_altar_1, bloody_trog,
          hellmonk_lair_entry_icy, ebering_ghost_xom, uniq_psyche, uniq_erica
D:9:      layout_stronghold, minitemple, uniq_erolcha
D:10:     layout_long_grid, orc_0_dummy, serial_bayou_lagoon_a
D:11:     layout_roguey, uniq_fannar
D:12:     layout_rooms, serial_undead, serial_undead_e, serial_undead_c,
          serial_undead_c, serial_undead_b
D:13:     minmay_the_grid_4x2 [minmay_the_grid_all_tris,
          minmay_the_grid_outer_diamond, minmay_the_grid_mess,
          minmay_the_grid_minigrid_large, minmay_the_grid_stretched_grid,
          minmay_the_grid_embedded, minmay_the_grid_dragon_b,
          minmay_the_grid_prize_four_corners_diamond_a], layout_small_grid,
          fake_guardian_serpent_vault
D:14:     layout_roguey, david_vaults_4, nicolae_kikubaaqudgha_miasma_corner,
          serial_shops, nicolae_shop_behind_doors,
          portal_ice_cave_entry_pillars_three, nicolae_shop_dragon_depot,
          uniq_agnes, uniq_lodul, uniq_azrael, uniq_josephine
D:15:     gammafunk_depths_entry_grave, layout_loops_cross,
          grunt_dithmenos_smoke_and_mirrors, nicolae_lava_and_water,
          grunt_ministairs_7
Temple:   minmay_temple_curvy_loop
Lair:1:   layout_gridlike
Lair:2:   layout_hall_layers, special_room [special_room_bee],
          chequers_serial_rivers_large_a, lemuel_fruit_tree,
          infiniplex_staircase_pool_2, serial_bayou_shore_b
Lair:3:   layout_long_grid, skrybe_swamp_entry_bodies,
          nicolae_snake_entry_squirm
Lair:4:   layout_roguey, wad_woods_road_05
Lair:5:   hangedman_lair_tendril_chambers, layout_regular_city,
          hangedman_lair_caniforms_friends, slime_entry_2,
          gammafunk_ghost_cemetery, serial_bayou_pond_b, minivault_27,
          serial_bayou_shore_b
Swamp:1:  layout_basic_swamp, gammafunk_ghost_mausoleum,
          nicolae_swamp_fairy_circle, swamp_pool3, kb_tengu_band
Swamp:2:  layout_falls_marsh, gammafunk_ghost_berserking_beasts,
          evilmike_swamp_ruin_house_2
Swamp:3:  layout_falls_marsh, hangedman_swamp_lotus, swamp_pool5, uniq_nikola
Swamp:4:  swamp_icy, layout_basic_swamp, swamp_pool3
Snake:1:  layout_layer_cave, serial_shops, nicolae_shop_statue_plus
Snake:2:  nicolae_snake_crotalidae_crossing, layout_layer_cave,
          nicolae_snake_slithery_corners
Snake:3:  layout_layer_cave, minmay_shoptagon, grunt_megastairs_4
Snake:4:  minmay_snake_end_coiled, layout_rooms, serial_shops,
          nicolae_shop_crystal, uniq_roxanne
Orc:1:    layout_diamond_mine, uniq_harold, uniq_maurice
Orc:2:    st_orc_mages, layout_caves, nicolae_orc_pool_cavern, mines3_lemuel

Skill      XL: |  1  2  3  4  5  6  7  8  9 10 11 12 13 14 15 16 17 18 19 |
---------------+----------------------------------------------------------+-----
Spellcasting   | 3 4 5 6 8 9 10 11 | 11.9
Summonings     | 5 6 7 8 9 11 12 13 | 13.4
Hexes          | 1 2 3 4 |  4.0
Air Magic      | 3 5 7 11 13 15 | 15.7
Fighting       | 5 9 11 14 | 14.0
Dodging        | 6 9 12 14 | 14.1
Transmutations | 5 9 12 14 | 14.9
Unarmed Combat | 1 4 |  4.2
Stealth        | |  2.6

Action                     |  1- 3 |  4- 6 |  7- 9 | 10-12 | 13-15 | 16-18 | 19-21 || total
---------------------------+-------+-------+-------+-------+-------+-------+-------++-------
  Melee: Unarmed           |    54 |    12 |     9 |       |       |   990 |    76 ||  1141
         Constrict         |    20 |     4 |     3 |     3 |    32 |     4 |       ||    66
         Tentacles         |    10 |     2 |     1 |     6 |    34 |    13 |     1 ||    67
         Whip              |       |       |     3 |    16 |   105 |    32 |     1 ||   157
         Punch             |       |       |       |       |     1 |    23 |     1 ||    25
   Cast: Summon Small Mamm |    22 |    14 |    41 |    42 |    86 |     2 |       ||   207
         Call Imp          |     3 |     7 |    18 |    22 |    47 |     3 |       ||   100
         Call Canine Famil |     8 |    19 |    30 |    49 |   168 |    60 |       ||   334
         Summon Guardian G |       |     6 |    15 |    53 |   205 |    80 |       ||   359
         Summon Lightning  |       |       |     4 |    61 |   212 |    47 |       ||   324
         Storm Form        |       |       |       |       |       |   106 |    12 ||   118
         Summon Forest     |       |       |       |       |       |    16 |     1 ||    17
 Invoke: Call Merchant     |       |       |       |     1 |     3 |     3 |       ||     7
Ability: Blinkbolt         |       |       |       |       |       |     4 |       ||     4
  Evoke: Wand              |       |       |       |       |     2 |       |       ||     2
    Use: Scroll            |       |     8 |     6 |     4 |    17 |     6 |       ||    41
         Potion            |       |       |       |     1 |     2 |     1 |       ||     4
   Stab: Sleeping          |     1 |       |       |       |       |     1 |       ||     2
         Distracted        |       |       |       |     2 |     3 |     6 |     1 ||    12
 Armour: Skin              |     8 |    12 |    19 |     8 |    25 |   295 |    21 ||   388
  Dodge: Dodged            |    45 |    18 |    45 |    43 |   371 |  1410 |    93 ||  2025

Table legend: (Time is in decaauts)
 A = Elapsed time spent in this place.
 B = Non-inter-level travel time spent in this place.
 C = Inter-level travel time spent in this place.
 D = Time resting spent in this place.
 E = Time spent auto-exploring this place.
 F = Levels seen in this place.
 G = Mean time per level.
                   A        B        C        D        E       F      G
               +--------+--------+--------+--------+--------+-----+--------+
         Total |  56620 |  54179 |   2441 |  11468 |  31689 |  32 | 1769.4 |
       Dungeon |  24847 |  23286 |   1561 |   4726 |  14236 |  15 | 1656.5 |
        Temple |    224 |    200 |     24 |      0 |    197 |   1 |  224.0 |
          Lair |  11159 |  10805 |    354 |   1627 |   6760 |   5 | 2231.8 |
         Swamp |   5135 |   5072 |     63 |   1215 |   2936 |   4 | 1283.8 |
     Snake Pit |   7403 |   7160 |    243 |    428 |   5235 |   4 | 1850.8 |
  Orcish Mines |   3908 |   3712 |    196 |    825 |   1834 |   2 | 1954.0 |
      Ice Cave |   3942 |   3942 |      0 |   2647 |    491 |   1 | 3942.0 |
               +--------+--------+--------+--------+--------+-----+--------+

Top non-repeatable levels by time:
   IceCv: 3942 daAuts
  Lair:5: 3773 daAuts
    D:13: 2687 daAuts
     D:2: 2678 daAuts
   Orc:2: 2636 daAuts
 Snake:4: 2573 daAuts
  Lair:3: 2425 daAuts
    D:14: 2295 daAuts
 Swamp:2: 2103 daAuts
 Snake:3: 2002 daAuts
    D:12: 1984 daAuts
     D:8: 1971 daAuts
  Lair:2: 1969 daAuts
 Snake:2: 1831 daAuts
  Lair:1: 1689 daAuts
